 Dungeon Crawl Stone Soup version 0.27.0 (webtiles) character file.

Game seed: 14022404074591901690

8946 xormask the Thaumaturge (level 11, -9/79 HPs)
             Began as a Djinni Fire Elementalist on July 30, 2021.
             Was an Elder of Wu Jian.
             Hit by a large rock thrown by a cyclops (23 damage)
             ... on level 8 of the Dungeon.
             The game lasted 00:56:32 (12223 turns).

xormask the Thaumaturge (Djinni Fire Elementalist) Turns: 12223, Time: 00:56:33

Health: -9/79      AC:  8    Str:  7    XL:     11   Next: 65%
Gold:   437        EV: 14    Int: 20    God:    Wu Jian [****..] SH:  0 Dex: 14

rFire    + + +     SeeInvis +   u - staff of fire
rCold    x . .     Faith    .   (no shield)
rNeg     . . .     Spirit   .   q - +0 troll leather armour {Purgy}
rPois    ∞         Reflect  .   k - +2 helmet {SInv}
rElec    .         Harm     .   (no cloak)
rCorr    .         Rampage  .   (no gloves)
Will     +....                  (boots unavailable)
Stlth    ++........             (no amulet)
HPRegen  1.23/turn              (no ring)
MPRegen  0.00/turn              (no ring)

@: flying
A: sickness immunity, fire resistance 2, cold vulnerability 1, float, innate
caster, hp casting, extra vitality 1
a: Renounce Religion, Wall Jump, Serpent's Lash


You were on level 8 of the Dungeon.
You worshipped Wu Jian.
Wu Jian was greatly pleased with you.
You visited 2 branches of the dungeon, and saw 10 of its levels.
You also visited: Sewer.

You collected 749 gold pieces.
You spent 312 gold pieces at shops.

Inventory:

Hand Weapons
 o - a +3 dagger
 r - a +0 dagger of venom
 D - a +2 dagger of pain
 G - the +7 rapier "Jellyslayer" {pain, rElec rPois Str-5 Stlth+}
   (You found it on level 7 of the Dungeon)

   In the hands of one skilled in necromantic magic, it inflicts extra damage on
   living creatures.
   Str:       It affects your strength (-5).
   rElec:     It insulates you from electricity.
   rPois:     It protects you from poison.
   Stlth:     It makes you more stealthy.
 J - a +2 scimitar of flaming
Missiles
 a - 11 sling bullets
 H - a throwing net
Armour
 k - a +2 helmet of see invisible (worn)
 q - a +0 troll leather armour (worn) {Purgy}
 N - the +0 ring mail of the Bulwark {rElec rPois Regen+ Str+7}
   (You took it off Joseph on level 9 of the Dungeon)

   Str:       It affects your strength (+7).
   rElec:     It insulates you from electricity.
   rPois:     It protects you from poison.
   Regen:     It increases your rate of health regeneration.
Magical Staves
 u - a staff of fire (weapon)
Jewellery
 p - a ring of resist corrosion
 E - a ring of protection from cold
Wands
 x - a wand of mindburst (21)
Scrolls
 b - a scroll of brand weapon {unknown}
 c - 2 scrolls of blinking
 d - 3 scrolls of torment {unknown}
 f - 3 scrolls of teleportation
 i - 4 scrolls of fog {unknown}
 n - 3 scrolls of amnesia {unknown}
 s - a scroll of magic mapping {unknown}
 v - a scroll of summoning {unknown}
 w - a scroll of vulnerability {unknown}
 y - a scroll of fear {unknown}
 C - 3 scrolls of enchant weapon {unknown}
 I - a scroll of acquirement {unknown}
 K - a scroll of identify
 L - a scroll of holy word {unknown}
 M - a scroll of noise {unknown}
Potions
 e - 4 potions of lignification
 g - 2 potions of curing
 h - 5 potions of brilliance
 j - a potion of might
 l - 2 potions of haste
 m - a potion of heal wounds {unknown}
 t - 3 potions of attraction
 z - 2 potions of berserk rage
 A - a potion of magic {unknown}
 B - 3 potions of mutation {unknown}
 F - 2 potions of resistance {unknown}


   Skills:
 + Level 7.6 Fighting
 + Level 6.6 Armour
 + Level 7.7 Dodging
 - Level 1.5 Stealth
 * Level 10.0 Spellcasting


You had one spell level left.
You knew the following spells:

 Your Spells              Type           Power      Damage    Failure   Level
a - Foxfire               Conj/Fire      100%       2x1d9     1%          1
b - Conjure Flame         Conj/Fire      66%        6-21      1%          3
c - Inner Flame           Hex/Fire       66%        N/A       1%          3
d - Sticky Flame          Conj/Fire      66%        2d8       1%          4
e - Fireball              Conj/Fire      33%        3d14      4%          5
f - Sandblast             Erth           100%       2d20      1%          1
g - Ensorcelled Hibernat  Hex/Ice        100%       N/A       1%          2
h - Slow                  Hex            50%        N/A       1%          2
i - Ice Form              Ice/Tmut       50%        N/A       1%          4
j - Passage of Golubria   Tloc           N/A        N/A       1%          4
Your spell library was empty.

Dungeon Overview and Level Annotations

Branches:
Dungeon (9/15)             Temple (1/1) D:5            Lair (0/6) D:9
  Sewer (visited)
    Orc: D:9-12

Altars:
Cheibriados
Dithmenos
Gozag
Kikubaaqudgha
Makhleb
Nemelex Xobeh
Ru
Sif Muna
Trog
Vehumet
Wu Jian
The Shining One

Shops:
D:3 [   D:5 [   D:7 ?

Annotations:
D:8 3 runed translucent doors, JBAR's ghost, novice GnGl


Innate Abilities, Weirdness & Mutations

You are immune to sickness and miasma.
You are immune to poison.
Your flesh is very heat resistant. (rF++)
You are vulnerable to cold. (rC-)
You float through the air rather than walking.
You learn spells naturally, not from books.
Your magical power is your life essence.
You have superior vitality. (+4 HP)


Message History

There is an open door here.
There is an open door here.
Things that are here:
a +3 vampiric battleaxe; a +0 shortbow; 17 arrows JBAR's ghost turns its malevolent gaze towards you.
You hear a roar!
Could not explore, unopened runed door.
JBAR's ghost wails, "You must not succeed where I failed!"
The cyclops shouts!
Casting: Fireball (dangerous; 4% risk of failure)
Confirm with . or Enter, or press ? or * to list all spells.
Okay, then.
Casting: Fireball (dangerous; 4% risk of failure)
Confirm with . or Enter, or press ? or * to list all spells.
Aiming: Ensorcelled Hibernation (safe; 1% risk of failure)
Press: ? - help, Shift-Dir - straight line, f - cyclops
Aim: a cyclops, quivering large rocks (chance to affect: 55%)
The cyclops resists with some effort.
The cyclops throws a large rock.
The large rock hits you!
Casting: Ensorcelled Hibernation (safe; 1% risk of failure)
Confirm with . or Enter, or press ? or * to list all spells.
Aiming: Ensorcelled Hibernation (safe; 1% risk of failure)
Press: ? - help, Shift-Dir - straight line, f/p - cyclops
Aim: a cyclops, quivering large rocks (chance to affect: 55%)
The cyclops resists with some effort.
Casting: Ensorcelled Hibernation (safe; 1% risk of failure)
Confirm with . or Enter, or press ? or * to list all spells.
Aiming: Ensorcelled Hibernation (safe; 1% risk of failure)
Press: ? - help, Shift-Dir - straight line, f/p - cyclops
Aim: a cyclops, quivering large rocks (chance to affect: 55%)
The cyclops resists with some effort.
The cyclops throws a large rock.
The large rock hits you!
The cyclops throws a large rock.
The large rock hits you!
You start resting.
A boulder beetle is nearby!
The cyclops throws a large rock.
The large rock hits you!!
The cyclops throws a large rock.
The large rock hits you!!
* * * LOW HITPOINT WARNING * * *
The cyclops throws a large rock.
The large rock hits you!!
You die...

#....##.......### ##....###C..
######..........# ##..........)
#.............#(# #...##..##...
#.....#.....B.#.# #...#...##...
#............)#.# #..##.#.##...
#######.>....[#.###C....#.##..#
#.......#......####.##..#
#.......##.....####.....+
#######.@...............+
#####...####......+
##.....####......#
#########..#.....###.###.#
#.........######.#...# ###
#.........# #.....# #........##
###...# #........###### #...#
#.............########


You could see a boulder beetle and a cyclops.

Vanquished Creatures
  Harold (D:7)
  2 centaur warriors (D:8)
  A deep elf pyromancer (D:8)
  The ghost of vvl the Stinger, a novice OpVM (D:6)
  Joseph (D:9)
  An efreet (D:8)
  2 trolls
  A hornet (D:9)
  A wraith (D:8)
  2 wyverns (D:9)
  A steam dragon (D:8)
  3 vampire mosquitoes (D:9)
  3 water moccasins
  4 sky beasts
  4 black bears
  Purgy (D:3)
  3 wolves (D:9)
  A centaur (D:7)
  A necrophage (D:7)
  2 ogres (D:4)
  A phantom (D:6)
  A kobold brigand (D:9)
  A bullfrog (D:6)
  A wyvern zombie (D:8)
  A scorpion (D:6)
  16 killer bees
  4 wights (D:7)
  A howler monkey (D:6)
  3 electric eels (D:9)
  A lava snake (D:9)
  A centaur zombie (D:9)
  A bullfrog zombie (D:6)
  2 gnoll shamans
  6 hounds
  3 centaur skeletons
  2 orc priests
  2 jellies
  An iguana (D:5)
  6 orc wizards
  A killer bee zombie (D:7)
  2 howler monkey zombies
  9 adders
  7 gnolls
  2 shadow imps
  An adder skeleton (D:4)
  2 worms (D:2)
  2 dart slugs
  24 orcs
  4 ball pythons
  5 endoplasms
  4 giant cockroaches
  6 goblins
  9 hobgoblins
  3 jackals (D:3)
  19 kobolds
  4 quokkas
  5 bats
  4 frilled lizards
  7 rats
210 creatures vanquished.

Vanquished Creatures (others)
  687 foxfires
  4 plants (D:8)
691 creatures vanquished.

Grand Total: 901 creatures vanquished

Notes
Turn   | Place    | Note
-------+----------+-------------------------------------------
     0 | D:1      | xormask the Djinni Fire Elementalist began the quest for
                  | the Orb.
     0 | D:1      | Reached XP level 1. HP: 15/15 MP: 0/0
   194 | D:1      | Reached XP level 2. HP: 17/22 MP: 0/0
   585 | D:1      | Reached skill level 1 in Fighting
  1069 | D:1      | Reached XP level 3. HP: 27/27 MP: 0/0
  1069 | D:1      | Learned a level 1 spell: Sandblast
  1232 | D:2      | Reached skill level 3 in Spellcasting
  1633 | D:2      | Reached XP level 4. HP: 13/32 MP: 0/0
  2798 | D:3      | Found Yteakaon's Armour Boutique.
  2965 | D:3      | Noticed a black bear
  3342 | D:3      | Noticed Purgy
  3676 | D:3      | Reached XP level 5. HP: 36/38 MP: 0/0
  3676 | D:3      | Learned a level 2 spell: Ensorcelled Hibernation
  3950 | D:3      | Killed Purgy
  3951 | D:3      | Reached skill level 4 in Spellcasting
  3951 | D:3      | Reached XP level 6. HP: 22/45 MP: 0/0
  4321 | D:3      | Killed a black bear
  4430 | D:3      | Found an ornate altar of the Wu Jian Council.
  4430 | D:3      | Found a faded altar of an unknown god.
  4438 | D:3      | Found a glowing golden altar of the Shining One.
  4442 | D:3      | Found a burning altar of Makhleb.
  4444 | D:3      | Found a sparkling altar of Nemelex Xobeh.
  4471 | D:3      | Became a worshipper of the Wu Jian Council
  4471 | D:3      | Reached * piety under Wu Jian
  5031 | D:4      | Found a sacrificial altar of Ru.
  5172 | D:4      | Noticed an ogre
  5192 | D:4      | Killed an ogre
  5193 | D:4      | Reached skill level 5 in Spellcasting
  5193 | D:4      | Reached XP level 7. HP: 51/51 MP: 0/0
  5193 | D:4      | Learned a level 2 spell: Slow
  5323 | D:4      | Found a large runed translucent door.
  5323 | D:4      | Found a large runed translucent door.
  5362 | D:4      | Found a bloodstained altar of Trog.
  5368 | D:4      | Found a shadowy altar of Dithmenos.
  5551 | D:5      | Entered Level 5 of the Dungeon
  5896 | D:5      | Found a staircase to the Ecumenical Temple.
  5909 | Temple   | Entered the Ecumenical Temple
  6431 | D:5      | Reached XP level 8. HP: 51/58 MP: 0/0
  6494 | D:3      | Bought a +2 helmet of see invisible for 279 gold pieces
  6546 | D:5      | Found Winiadgh's Antique Armour Emporium.
  6931 | D:6      | Reached skill level 6 in Spellcasting
  6953 | D:6      | Reached skill level 5 in Fighting
  7173 | D:6      | Found a glowing drain.
  7194 | D:6      | Reached ** piety under Wu Jian
  7232 | Sewer    | Entered a sewer
  7340 | Sewer    | Reached skill level 1 in Armour
  7409 | D:6      | Noticed vvl's ghost (novice OpVM)
  7419 | D:6      | Found a runed translucent door.
  7438 | D:6      | Reached skill level 7 in Spellcasting
  7438 | D:6      | Reached XP level 9. HP: 45/65 MP: 0/0
  7438 | D:6      | Learned a level 4 spell: Ice Form
  7948 | D:6      | Killed vvl's ghost
  8219 | D:7      | Reached skill level 8 in Spellcasting
  8399 | D:7      | Noticed Harold
  8503 | D:7      | Found a snail-covered altar of Cheibriados.
  8644 | D:7      | Reached skill level 5 in Dodging
  8793 | D:7      | Reached XP level 10. HP: 60/70 MP: 0/0
  8832 | D:7      | Found Xime's Magic Scroll Shoppe.
  8835 | D:7      | Bought a scroll of teleportation for 33 gold pieces
  9283 | D:7      | Identified the +7 rapier "Jellyslayer" {pain, rElec rPois
                  | Str-5 Stlth+}
  9845 | D:8      | Noticed a centaur warrior
  9856 | D:9      | Reached *** piety under Wu Jian
  9857 | D:9      | Noticed Joseph
  9873 | D:8      | Killed a centaur warrior
  9922 | D:8      | Reached skill level 5 in Armour
 10046 | D:8      | Reached skill level 9 in Spellcasting
 10160 | D:8      | Noticed a cyclops
 10184 | D:8      | Noticed an efreet
 10190 | D:8      | Killed an efreet
 10388 | D:7      | Killed Harold
 10389 | D:7      | Reached XP level 11. HP: 31/78 MP: 0/0
 10389 | D:7      | Learned a level 4 spell: Passage of Golubria
 10502 | D:8      | Found a runed translucent gate.
 10502 | D:8      | Found a runed translucent gate.
 10502 | D:8      | Found a runed translucent gate.
 10505 | D:8      | Noticed JBAR's ghost (novice GnGl)
 10505 | D:8      | Noticed a ten-headed hydra
 10663 | D:8      | Noticed a boulder beetle
 10731 | D:8      | Noticed a centaur warrior
 11189 | D:9      | Found a staircase to the Lair.
 11192 | D:9      | Reached **** piety under Wu Jian
 11448 | D:9      | Found an opulent altar of Gozag.
 11452 | D:9      | Identified the +0 ring mail of the Bulwark {rElec rPois
                  | Regen+ Str+7}
 11641 | D:9      | Killed Joseph
 12014 | D:8      | Killed a centaur warrior
 12103 | D:8      | Noticed a deep elf pyromancer
 12120 | D:8      | Killed a deep elf pyromancer
 12121 | D:8      | Reached skill level 10 in Spellcasting
 12223 | D:8      | Hit by a large rock thrown by a cyclops

Illustrated notes

Levels and vault maps discovered:
D:1:      dpeg_arrival_simpleton_b, layout_basic
D:2:      minmay_razor_zed, layout_rooms, dk_vineyard_1, grunt_ministairs_5,
          minmay_misc_feat_nine_boxes
D:3:      layout_loops_ring, grunt_temple_overflow_magic_moments,
          chequers_temple_overflow_minitemple, serial_shops, shop, uniq_purgy
D:4:      layout_basic, nicolae_ru_awakened_eye, jmf_multi_god_temple2
D:5:      layout_basic, minmay_temple_entry_hall, serial_shops,
          nicolae_shop_waterfront
D:6:      layout_basic, gup_sewer_entry_glass, hellmonk_ghost_happy_afterlife,
          moated_statue, kennysheep_big_empty_room
D:7:      layout_loops_corners, kennysheep_slug_shrine, serial_shops,
          shop_statue, sigmund_army, uniq_harold
D:8:      layout_rooms, gammafunk_ghost_hydra_chop, minmay_evil_grid
D:9:      layout_loops_ring, mainiacjoe_overflow_concentric_impassable,
          erik_lair_island, nicolae_lava_and_water, uniq_joseph
Temple:   jpeg_temple_island

Skill      XL: |  1  2  3  4  5  6  7  8  9 10 11 |
---------------+----------------------------------+-----
Fighting       | 1 2 3 4 5 6 7 |  7.6
Spellcasting   | 3 4 5 7 8 9 10 | 10.0
Armour         | 1 4 5 6 |  6.6
Dodging        | 3 5 6 7 |  7.7
Stealth        | |  1.5

Action                   |  1- 3 |  4- 6 |  7- 9 | 10-12 || total
-------------------------+-------+-------+-------+-------++-------
Melee: Short sword       |    27 |    13 |       |       ||    40
       Dagger            |       |    47 |       |       ||    47
       Staff             |       |       |    77 |    21 ||    98
       Rapier            |       |       |       |    10 ||    10
 Cast: Foxfire           |    59 |    93 |   151 |   169 ||   472
       Conjure Flame     |       |    12 |    47 |    36 ||    95
       Ensorcelled Hiber |       |       |     6 |     6 ||    12
       Fireball          |       |       |     6 |    21 ||    27
       Sticky Flame      |       |       |     3 |     8 ||    11
       Slow              |       |       |     2 |     1 ||     3
Invok: Lunge             |       |     2 |     4 |     3 ||     9
       Whirlwind         |       |     2 |     6 |     6 ||    14
 Abil: Wall Jump         |       |       |     1 |       ||     1
Evoke: Wand              |       |       |       |     4 ||     4
  Use: Scroll            |       |     5 |     4 |     3 ||    12
 Stab: Sleeping          |     2 |       |     2 |       ||     4
       Distracted        |       |     1 |       |       ||     1
Armor: Robe              |    16 |     4 |       |       ||    20
       Troll leather arm |       |     4 |    61 |    70 ||   135
Dodge: Dodged            |    40 |    37 |    98 |   133 ||   308
